NWL (28 & UNDER)
MOOSE JAW GHOSTBUSTERS @ RIVERSIDE RED BULLS
08/09/2026
 
TOP OF THE 1ST
Moose Jaw Ghostbusters batting - Pitching for Riverside Red Bulls : RHP Emery Graham
Pitching: RHP Emery Graham
Batting: RHB Manuel Pérez 0-0: Ball
1-0: Foul Ball, location: 2F
1-1: Ball
2-1: Foul Ball, location: 2F
2-2: Ball
3-2: Strikes out swinging
Batting: LHB Will Vale 0-0: SINGLE (Groundball, 4M)
Batting: RHB John Major 0-0: Ball
1-0: Fly out, F8 (Popup, 8RS)
Batting: RHB Paco Hernández 0-0: Ball
1-0: Foul Ball, location: 2F
1-1: Ball
2-1: Called Strike
2-2: Foul Ball, location: 2F
2-2: Fielders Choice at 2nd, 5-4 (Groundball, 56)
Top of the 1st over - 0 run(s), 1 hit(s), 0 error(s), 0 left on base; Moose Jaw 0 - Riverside 0
BOTTOM OF THE 1ST
Riverside Red Bulls batting - Pitching for Moose Jaw Ghostbusters : RHP Ernesto Mendoza
Pitching: RHP Ernesto Mendoza
Batting: RHB Tom Howe 0-0: SINGLE (Line Drive, 7S)
Batting: RHB Fernando Gálvez 0-0: Ball
1-0: Called Strike
1-1: Ball
2-1: Ball
3-1: Base on Balls
Tom Howe to second
Batting: LHB Paco Rivera 0-0: Ball
1-0: Fly out, F5 (Popup, 5L)
Batting: RHB Earnest Finnegan 0-0: Ball
1-0: Foul Ball, location: 2F
1-1: Swinging Strike
1-2: Ball
2-2: Strikes out swinging
Batting: RHB José Vázquez 0-0: Ball
1-0: Ball
2-0: Called Strike
2-1: Ball
3-1: Base on Balls
Tom Howe to third
Fernando Gálvez to second
Batting: RHB Brandon Pope 0-0: Fly out, F8 (Flyball, 8RD)
Bottom of the 1st over - 0 run(s), 1 hit(s), 0 error(s), 3 left on base; Moose Jaw 0 - Riverside 0
TOP OF THE 2ND
Moose Jaw Ghostbusters batting - Pitching for Riverside Red Bulls : RHP Emery Graham
Batting: SHB Martín Cruz 0-0: Ball
1-0: Foul Ball, location: 2F
1-1: SINGLE (Groundball, 2R) (infield hit)
Pinch Runner at 1st Ángel García:
Batting: LHB John Christopher 0-0: Ball
1-0: Ground out 4-3 (Groundball, 4M)
Ángel García to second
Batting: RHB Nicholas Harris 0-0: SINGLE (Line Drive, 4MD)
Ángel García to third
Batting: RHB Juan Vázquez 0-0: Ball
1-0: Called Strike
1-1: Foul Ball, location: 2F
1-2: Grounds into double play, 5-4-3 (Groundball, 5)
Top of the 2nd over - 0 run(s), 2 hit(s), 0 error(s), 1 left on base; Moose Jaw 0 - Riverside 0
BOTTOM OF THE 2ND
Riverside Red Bulls batting - Pitching for Moose Jaw Ghostbusters : RHP Ernesto Mendoza
Now at SS: Ángel García
Batting: RHB Kelly Jones 0-0: Ground out 3-1 (Groundball, 34S)
Batting: RHB Enrique Flores 0-0: Ball
1-0: Ball
2-0: Ball
3-0: Called Strike
3-1: Base on Balls
Batting: SHB Luis Alonso Pickoff Throw to First - Error! E1
Enrique Flores to second
0-0: Called Strike
0-1: Fly out, F9 (Flyball, 9M)
Batting: RHB Tom Howe 0-0: Called Strike
0-1: Swinging Strike
0-2: Ball
1-2: Foul Ball, location: 2F
1-2: Foul Ball, location: 2F
1-2: Strikes out swinging
Bottom of the 2nd over - 0 run(s), 0 hit(s), 1 error(s), 1 left on base; Moose Jaw 0 - Riverside 0
TOP OF THE 3RD
Moose Jaw Ghostbusters batting - Pitching for Riverside Red Bulls : RHP Emery Graham
Batting: RHB Don Turner 0-0: Called Strike
0-1: Called Strike
0-2: Ball
1-2: Strikes out swinging
Batting: RHB Manuel Pérez 0-0: Ball
1-0: Ground out 1-3 (Groundball, 13)
Batting: LHB Will Vale 0-0: Ground out 4-3 (Groundball, 34)
Top of the 3rd over - 0 run(s), 0 hit(s), 0 error(s), 0 left on base; Moose Jaw 0 - Riverside 0
BOTTOM OF THE 3RD
Riverside Red Bulls batting - Pitching for Moose Jaw Ghostbusters : RHP Ernesto Mendoza
Batting: RHB Fernando Gálvez 0-0: Ball
1-0: Ground out 4-3 (Groundball, 4M)
Batting: LHB Paco Rivera 0-0: Foul Ball, location: 2F
0-1: Ball
1-1: Foul Ball, location: 2F
1-2: SINGLE (Groundball, 5D)
Batting: RHB Earnest Finnegan 0-0: Ball
1-0: Called Strike
1-1: 2-RUN HOME RUN (Flyball, 78XD), Distance : 408 ft
Batting: RHB José Vázquez 0-0: Ball
1-0: Called Strike
1-1: Foul Ball, location: 2F
1-2: Strikes out swinging
Batting: RHB Brandon Pope 0-0: Fly out, F6 (Popup, 6)
Bottom of the 3rd over - 2 run(s), 2 hit(s), 0 error(s), 0 left on base; Moose Jaw 0 - Riverside 2
TOP OF THE 4TH
Moose Jaw Ghostbusters batting - Pitching for Riverside Red Bulls : RHP Emery Graham
Batting: RHB John Major 0-0: Ball
1-0: Called Strike
1-1: Ball
2-1: Foul Ball, location: 2F
2-2: Strikes out swinging
Batting: RHB Paco Hernández 0-0: Hit by Pitch
Batting: RHB Ángel García 0-0: Called Strike
0-1: Fielders Choice at 2nd, 5-4 (Groundball, 5L)
Batting: LHB John Christopher 0-0: Ball
1-0: Called Strike
1-1: Ground out U3 (Groundball, 3)
Top of the 4th over - 0 run(s), 0 hit(s), 0 error(s), 1 left on base; Moose Jaw 0 - Riverside 2
BOTTOM OF THE 4TH
Riverside Red Bulls batting - Pitching for Moose Jaw Ghostbusters : RHP Ernesto Mendoza
Batting: RHB Kelly Jones 0-0: Called Strike
0-1: SOLO HOME RUN (Flyball, 78XD), Distance : 405 ft
Batting: RHB Enrique Flores 0-0: Called Strike
0-1: Swinging Strike
0-2: Strikes out swinging
Batting: SHB Luis Alonso 0-0: Ball
1-0: Ground out 4-3 (Groundball, 4M)
Batting: RHB Tom Howe 0-0: Ball
1-0: Fly out, F8 (Flyball, 8LD)
Bottom of the 4th over - 1 run(s), 1 hit(s), 0 error(s), 0 left on base; Moose Jaw 0 - Riverside 3
TOP OF THE 5TH
Moose Jaw Ghostbusters batting - Pitching for Riverside Red Bulls : RHP Emery Graham
Batting: RHB Nicholas Harris 0-0: Swinging Strike
0-1: Foul Ball, location: 2F
0-2: Ball
1-2: Ground out 6-3 (Groundball, 6)
Batting: RHB Juan Vázquez 0-0: Ball
1-0: Called Strike
1-1: Ball
2-1: Foul Ball, location: 2F
2-2: SINGLE (Groundball, 13) (infield hit)
Batting: RHB Don Turner 0-0: Ball
1-0: Foul Ball, location: 2F
1-1: Ground out 4-3 (Groundball, 4MD)
Juan Vázquez to second
Batting: RHB Manuel Pérez 0-0: Ground out 6-3 (Groundball, 56)
Top of the 5th over - 0 run(s), 1 hit(s), 0 error(s), 1 left on base; Moose Jaw 0 - Riverside 3
BOTTOM OF THE 5TH
Riverside Red Bulls batting - Pitching for Moose Jaw Ghostbusters : RHP Ernesto Mendoza
Batting: RHB Fernando Gálvez 0-0: Ball
1-0: SINGLE (Line Drive, 8LS)
Batting: LHB Paco Rivera 0-0: Ball
1-0: Reached on error, E6 (Groundball, 6M)
Fernando Gálvez to second
Batting: RHB Earnest Finnegan 0-0: Swinging Strike
0-1: Swinging Strike
0-2: Ball
1-2: Ball
2-2: Foul Ball, location: 2F
2-2: Foul Ball, location: 2F
2-2: Ball
3-2: Foul Ball, location: 2F
3-2: Strikes out swinging
Batting: RHB José Vázquez 0-0: Ball
1-0: Foul Ball, location: 2F
1-1: Ball
2-1: Ball
3-1: Foul Ball, location: 2F
3-2: Strikes out swinging
Batting: RHB Brandon Pope 0-0: Foul Ball, location: 2F
0-1: Foul Ball, location: 2F
0-2: Ground out U3 (Groundball, 3S)
Bottom of the 5th over - 0 run(s), 1 hit(s), 1 error(s), 2 left on base; Moose Jaw 0 - Riverside 3
TOP OF THE 6TH
Moose Jaw Ghostbusters batting - Pitching for Riverside Red Bulls : RHP Emery Graham
Batting: LHB Will Vale 0-0: Ball
1-0: Ball
2-0: SINGLE (Groundball, 3L) (infield hit)
Batting: RHB John Major 0-0: Ball
1-0: Called Strike
1-1: Fly out, F9 (Flyball, 89D)
Batting: RHB Paco Hernández 0-0: Ball
1-0: Ball
2-0: Swinging Strike
2-1: Swinging Strike
2-2: Strikes out swinging
Batting: RHB Ángel García 0-0: Called Strike
0-1: Foul Ball, location: 2F
0-2: Ball
Wild Pitch!
Will Vale to second
1-2: Strikes out swinging
Top of the 6th over - 0 run(s), 1 hit(s), 0 error(s), 1 left on base; Moose Jaw 0 - Riverside 3
BOTTOM OF THE 6TH
Riverside Red Bulls batting - Pitching for Moose Jaw Ghostbusters : RHP Ernesto Mendoza
Batting: RHB Kelly Jones 0-0: Ball
1-0: Ball
2-0: Ball
3-0: Called Strike
3-1: Foul Ball, location: 2F
3-2: Fly out, F9 (Flyball, 9M)
Pitching: RHP Bennett Greer
Batting: RHB Enrique Flores 0-0: Foul Ball, location: 2F
0-1: Called Strike
0-2: Ball
1-2: Ball
2-2: Ball
3-2: Reaches on Catchers interference
Batting: SHB Luis Alonso 0-0: Foul Ball, location: 2F
0-1: Ball
1-1: Grounds into double play, 6-4-3 (Groundball, 6)
Bottom of the 6th over - 0 run(s), 0 hit(s), 1 error(s), 0 left on base; Moose Jaw 0 - Riverside 3
TOP OF THE 7TH
Moose Jaw Ghostbusters batting - Pitching for Riverside Red Bulls : RHP Emery Graham
Batting: LHB John Christopher 0-0: Foul Ball, location: 2F
0-1: Ball
1-1: Ball
2-1: Fly out, F5 (Popup, 5SF)
Batting: RHB Nicholas Harris 0-0: Ball
1-0: Called Strike
1-1: Fly out, F9 (Flyball, 89M)
Batting: RHB Juan Vázquez 0-0: Ball
1-0: Called Strike
1-1: Ground out 5-3 (Groundball, 5)
Top of the 7th over - 0 run(s), 0 hit(s), 0 error(s), 0 left on base; Moose Jaw 0 - Riverside 3
BOTTOM OF THE 7TH
Riverside Red Bulls batting - Pitching for Moose Jaw Ghostbusters : RHP Bennett Greer
Batting: RHB Tom Howe 0-0: SINGLE (Line Drive, 56D)
Batting: RHB Fernando Gálvez 0-0: Called Strike
0-1: Called Strike
0-2: Strikes out looking
Batting: LHB Paco Rivera 0-0: Swinging Strike
0-1: Ball
1-1: Fly out, F6 (Popup, 5F)
Batting: RHB Earnest Finnegan 0-0: Ball
1-0: Swinging Strike
1-1: Ball
Tom Howe steals 2nd base
2-1: Called Strike
2-2: Strikes out looking
Bottom of the 7th over - 0 run(s), 1 hit(s), 0 error(s), 1 left on base; Moose Jaw 0 - Riverside 3
TOP OF THE 8TH
Moose Jaw Ghostbusters batting - Pitching for Riverside Red Bulls : RHP Emery Graham
Batting: RHB Don Turner 0-0: Called Strike
0-1: DOUBLE (Line Drive, 3D)
Batting: RHB Manuel Pérez 0-0: Ball
1-0: Ball
2-0: Called Strike
2-1: Ground out 5-3 (Groundball, 56)
Batting: LHB Will Vale 0-0: Ground out 4-3 (Groundball, 4S)
Don Turner to third
Batting: RHB John Major 0-0: Called Strike
0-1: Ball
1-1: SINGLE (Groundball, 6MD)
Don Turner scores
Pitching: RHP Emílio Núñez
Batting: RHB Paco Hernández 0-0: Swinging Strike
0-1: Called Strike
0-2: Ball
1-2: Foul Ball, location: 2F
1-2: Strikes out looking
Top of the 8th over - 1 run(s), 2 hit(s), 0 error(s), 1 left on base; Moose Jaw 1 - Riverside 3
BOTTOM OF THE 8TH
Riverside Red Bulls batting - Pitching for Moose Jaw Ghostbusters : RHP Bennett Greer
Batting: RHB José Vázquez 0-0: Called Strike
0-1: Called Strike
0-2: Ball
1-2: Ball
2-2: Foul Ball, location: 2F
2-2: Ball
3-2: Strikes out swinging
Batting: RHB Brandon Pope 0-0: DOUBLE (Groundball, 5L)
Batting: RHB Kelly Jones 0-0: Ball
1-0: Called Strike
1-1: Ball
2-1: Foul Ball, location: 2F
2-2: Foul Ball, location: 2F
2-2: Foul Ball, location: 2F
2-2: Foul Ball, location: 2F
2-2: Ground out 5-3 (Groundball, 56)
Batting: RHB Enrique Flores 0-0: Foul Ball, location: 2F
0-1: Foul Ball, location: 2F
0-2: Ball
1-2: Fly out, F7 (Line Drive, 78M)
Bottom of the 8th over - 0 run(s), 1 hit(s), 0 error(s), 1 left on base; Moose Jaw 1 - Riverside 3
TOP OF THE 9TH
Moose Jaw Ghostbusters batting - Pitching for Riverside Red Bulls : RHP Emílio Núñez
Pitching: RHP Rick Haynes
Batting: RHB Ángel García 0-0: Fly out, F8 (Popup, 6MD)
Batting: LHB John Christopher 0-0: Ball
1-0: Called Strike
1-1: Fly out, F4 (Popup, 4D)
Batting: RHB Nicholas Harris 0-0: Ball
1-0: Foul Ball, location: 2F
1-1: Foul Ball, location: 2F
1-2: Ball
2-2: Foul Ball, location: 2F
2-2: Ball
3-2: Foul Ball, location: 2F
3-2: Strikes out swinging
Top of the 9th over - 0 run(s), 0 hit(s), 0 error(s), 0 left on base; Moose Jaw 1 - Riverside 3
Monday, December 5th, 2016 - OOTP Baseball 17.12 Build 75